 Dungeon Crawl Stone Soup version 0.28.0 (webtiles) character file.

Game seed: 8816812831349291361

2093 Steelback the Destroyer (level 9, 0/64 HPs)
             Began as a Black Draconian Conjurer on Feb 15, 2022.
             Slain by Harold (18 damage)
             ... on level 7 of the Dungeon.
             The game lasted 00:28:55 (8833 turns).

Steelback the Destroyer (Black Draconian Conjurer)  Turns: 8833, Time: 00:28:56

Health: 0/64       AC:  7    Str: 10    XL:     9   Next: 7%
Magic:  10/18      EV: 16    Int: 28    God:
Gold:   299        SH:  0    Dex: 10    Spells: 8/20 levels left

rFire   . . .      SeeInvis .   m - +1 short sword (flame)
rCold   . . .      Faith    .   (no shield)
rNeg    . . .      Spirit   .   (armour unavailable)
rPois   .          Reflect  .   t - +0 hat
rElec   +          Harm     .   n - scarf {+Inv}
rCorr   .          Rampage  .   (no gloves)
Will    .....                   (no boots)
Stlth   ++........              (no amulet)
HPRegen 0.20/turn               d - +6 ring of intelligence
MPRegen 0.16/turn               u - +4 ring of evasion

@: very slightly contaminated, studying Poison Magic
A: breathe lightning, AC +7, unfitting armour, electricity resistance,
cold-blooded
a: Breathe Lightning, Evoke Invisibility


You were on level 7 of the Dungeon.
You visited 2 branches of the dungeon, and saw 8 of its levels.

You collected 299 gold pieces.

Inventory:

Hand Weapons
 m - a +1 short sword of flaming (weapon)
Armour
 n - a scarf of invisibility (worn)
 t - a +0 hat (worn)
Jewellery
 c - a ring of magical power
 d - a +6 ring of intelligence (left hand)
 i - a ring of flight
 j - a ring of protection from cold
 u - a +4 ring of evasion (right hand)
Wands
 e - a wand of flame (21)
Scrolls
 a - a scroll of amnesia {unknown}
 b - a scroll of silence
 r - a scroll of torment {unknown}
 s - a scroll of enchant armour
 v - a scroll of magic mapping
 x - 2 scrolls of brand weapon {unknown}
Potions
 f - a potion of magic {unknown}
 g - a potion of resistance {unknown}
 h - 2 potions of ambrosia {unknown}
 k - 2 potions of haste {unknown}
 l - 3 potions of attraction {unknown}
 o - a potion of flight {unknown}
 p - 3 potions of curing {unknown}
 q - a potion of brilliance {unknown}
 w - a potion of might {unknown}


   Skills:
 + Level 1.3 Fighting
 + Level 3.3 Dodging
 - Level 2.0 Stealth
 + Level 0.3 Unarmed Combat
 + Level 6.2 Spellcasting
 * Level 9.9 Conjurations
 + Level 0.1 Hexes
 + Level 1.0 Air Magic
 * Level 1.1 Earth Magic


You had 8 spell levels left.
You knew the following spells:

 Your Spells              Type           Power      Damage    Failure   Level
a - Magic Dart            Conj           100%       1d8       1%          1
b - Searing Ray           Conj           100%       2d8       1%          2
c - Dazzling Flash        Conj/Hex       72%        N/A       2%          3
d - Iron Shot             Conj/Erth      19%        9d4       67%         6

Your spell library contained the following spells:

 Spells                   Type           Power      Damage    Failure   Level
 Iskenderun's Battlesphe  Conj           59%        2d11      2%          5
 Animate Skeleton         Necr           16%        N/A       6%          1
 Fulminant Prism          Conj/Hex       18%        3d11      8%          4
 Iskenderun's Mystic Bla  Conj/Tloc      36%        2d9       8%          4
 Sublimation of Blood     Necr           8%         N/A       9%          2
 Wereblood                Tmut           8%         N/A       9%          2
 Ozocubu's Armour         Ice            8%         N/A       19%         3
 Ozocubu's Refrigeration  Ice            4%         4d5       100%        7
 Spellforged Servitor     Conj/Summ      18%        N/A       100%        7
 Summon Hydra             Summ           4%         N/A       100%        7


Dungeon Overview and Level Annotations

Branches:
Dungeon (7/15)             Temple (1/1) D:6

Altars:
Ashenzari
Cheibriados
Dithmenos
Elyvilon
Fedhas
Gozag
Hepliaklqana
Kikubaaqudgha
Makhleb
Nemelex Xobeh
Okawaru
Qazlal
Ru
Sif Muna
Trog
Uskayaw
Wu Jian
Xom
Yredelemnul
Zin
The Shining One

Shops:
D:5 (

Annotations:
D:7 Harold


Innate Abilities, Weirdness & Mutations

You can breathe wild blasts of lightning.
Your glossy black scales are hard. (AC +7)
You cannot fit into any form of body armour.
You are resistant to electric shocks. (rElec)
You are cold-blooded and may be slowed by cold attacks.


Message History

The magic dart hits Harold but does no damage.
Harold shouts!
Harold zaps a wand.
You resist with some effort.
The magic dart hits Harold!
Harold is lightly wounded.
The magic dart hits Harold.
Harold is lightly wounded.
The magic dart hits Harold.
Harold is lightly wounded.
Harold fires a harpoon shot at you. The harpoon shot hits you!
You are yanked forward by the harpoon shot.
Found 8 gold pieces.
Casting: Magic Dart (safe; 1% risk of failure)
Confirm with . or Enter, or press ? or * to list all spells.
Casting: Dazzling Flash (dangerous; 2% risk of failure)
Press: ? - help, Dir - look around, f - activate You miscast Dazzling Flash.
You are very lightly contaminated with residual magic.
Nothing appears to happen.
Harold hits you with a +0 trident!
Harold hits you from afar with a +0 trident!!
Harold throws a throwing net.
The throwing net barely misses you.
Harold zaps a wand.
You resist with some effort. Harold fires a harpoon shot at you.
The harpoon shot hits you!
* * * LOW HITPOINT WARNING * * *
You are yanked forward by the harpoon shot.
Casting: Dazzling Flash (dangerous; 2% risk of failure)
Confirm with . or Enter, or press ? or * to list all spells.
Aiming: Searing Ray (safe; 1% risk of failure)
Press: ? - help, Shift-Dir - straight line, f - Harold
Aim: Harold, wielding a +0 trident, wearing a +0 chain mail, quivering 2 throwing nets and carrying a wand of polymorph (8) (lightly wounded, 92% to hit)
The searing ray hits Harold!
Harold is moderately wounded. (Press . to maintain the ray.) Harold completely misses you.
The searing ray hits Harold.
Harold is moderately wounded.
Harold hits you with a +0 trident!!
You die...

#.......... ..........#
#.......... ..$.......#
#..........
..........#############.
....................# #.
..................# #.
................# #.
##@##...........# #.
#..@............# #.
#...............# #.
#...............###.
###'#.(.............
#.#.#######.#.####
#.#.### #.#.#
#.....#####.#.#
##..#.##......####
#.>#.##.##......#


You could see Harold.

Vanquished Creatures
  A steam dragon (D:7)
  A sky beast (D:6)
  2 ice beasts
  2 necrophages
  2 ogres
  A centaur (D:6)
  A phantom (D:6)
  A scorpion (D:4)
  A wyvern skeleton (D:7)
  3 water moccasin zombies
  4 wights (D:7)
  2 electric eels (D:7)
  A howler monkey (D:6)
  2 bullfrog zombies
  4 hounds
  2 orc priests (D:6)
  A gnoll shaman (D:5)
  A centaur skeleton (D:4)
  4 orc wizards
  Ijyb (D:5)
  2 iguanas
  A howler monkey zombie (D:6)
  5 gnolls
  7 adders
  2 white imps (D:6)
  An ufetubus (D:6)
  An adder skeleton (D:3)
  2 dart slugs
  5 orcs
  10 ball pythons
  6 bats
  3 endoplasms
  4 giant cockroaches
  7 goblins
  A hobgoblin (D:4)
  3 jackals (D:1)
  2 quokkas
  3 frilled lizards
  3 kobolds
  3 rats
108 creatures vanquished.

Vanquished Creatures (others)
  15 plants (D:7)
15 creatures vanquished.

Grand Total: 123 creatures vanquished

Notes
Turn   | Place    | Note
-------+----------+-------------------------------------------
     0 | D:1      | Steelback the Draconian Conjurer began the quest for the
                  | Orb.
     0 | D:1      | Reached XP level 1. HP: 14/14 MP: 3/3
   513 | D:1      | Reached XP level 2. HP: 15/20 MP: 0/5
  1224 | D:1      | Reached XP level 3. HP: 26/26 MP: 2/6
  1653 | D:1      | Learned a level 2 spell: Searing Ray
  1657 | D:1      | Learned a level 3 spell: Dazzling Flash
  1670 | D:1      | Reached skill level 5 in Conjurations
  2006 | D:2      | Reached XP level 4. HP: 31/33 MP: 2/7
  2362 | D:2      | Identified the +3 robe of Elitism {rC+ Will+ MP+9 Str+3}
  2742 | D:3      | Found a faded altar of an unknown god.
  2745 | D:3      | Got Plato's Tome of Evil Rites
  2821 | D:3      | Reached XP level 5. HP: 39/39 MP: 6/9
  3371 | D:4      | Reached skill level 6 in Conjurations
  3903 | D:4      | Noticed a necrophage
  3996 | D:4      | Killed a necrophage
  3997 | D:4      | Reached XP level 6. HP: 36/46 MP: 3/11
  4405 | D:4      | Learned a level 6 spell: Iron Shot
  4827 | D:5      | Entered Level 5 of the Dungeon
  4860 | D:5      | Reached skill level 7 in Conjurations
  4919 | D:5      | Noticed Ijyb
  4929 | D:5      | Killed Ijyb
  4930 | D:5      | Your scales start taking on a glossy black colour.
  4930 | D:5      | Reached XP level 7. HP: 51/51 MP: 4/12
  4930 | D:5      | Gained mutation: You are resistant to electric shocks.
                  | (rElec) [Black Draconian growth]
  5289 | D:5      | Reached skill level 1 in Fighting
  5289 | D:5      | Reached skill level 1 in Air Magic
  5559 | D:5      | Found Circh's Antique Weapon Boutique.
  6084 | D:6      | Reached skill level 8 in Conjurations
  6283 | D:6      | Reached XP level 8. HP: 59/59 MP: 5/15
  6526 | D:6      | Reached skill level 5 in Spellcasting
  6919 | D:6      | Found a staircase to the Ecumenical Temple.
  6928 | Temple   | Entered the Ecumenical Temple
  7461 | D:6      | Reached skill level 9 in Conjurations
  7854 | D:7      | Noticed Harold
  8380 | D:7      | Reached skill level 1 in Earth Magic
  8540 | D:7      | Reached XP level 9. HP: 64/64 MP: 6/18
  8833 | D:7      | Slain by Harold

Illustrated notes

Levels and vault maps discovered:
D:1:      lightli_arrival_statuegarden, layout_basic
D:2:      layout_rooms, minmay_heptomino_l4
D:3:      layout_basic, shapermc_ecumenical_altar_rom_forum
D:4:      layout_basic, minmay_manual_monstrance
D:5:      layout_loops_ring, serial_shops, shop, chequers_mini_garden, uniq_ijyb
D:6:      wander_river, layout_basic, minmay_temple_entry_glassed_door
D:7:      layout_basic, serial_bayou, serial_bayou_shore_a, serial_bayou_pond_c,
          serial_bayou_shore_b, serial_bayou_shore_b, uniq_harold
Temple:   mainiacjoe_temple_circle_huts

Skill      XL: |  1  2  3  4  5  6  7  8 |
---------------+-------------------------+-----
Dodging        | 2 3 |  3.3
Conjurations   | 5 6 7 8 9 |  9.9
Stealth        | 2 |  2.0
Spellcasting   | 3 4 6 |  6.2
Fighting       | 1 |  1.3
Air Magic      | 1 |  1.0
Earth Magic    | 1 |  1.1
Unarmed Combat | |  0.3
Hexes          | |  0.1

Action                   |  1- 3 |  4- 6 |  7- 9 || total
-------------------------+-------+-------+-------++-------
Melee: Unarmed           |    51 |       |       ||    51
       Tailslap          |     8 |       |       ||     8
       Club              |     4 |       |       ||     4
       Short sword       |       |       |     1 ||     1
 Cast: Magic Dart        |    53 |   124 |   152 ||   329
       Searing Ray       |     1 |     1 |    20 ||    22
       Dazzling Flash    |       |       |     1 ||     1
  Use: Scroll            |     2 |     3 |     4 ||     9
Armor: Skin              |    26 |     6 |    12 ||    44
Dodge: Dodged            |    56 |    16 |    61 ||   133
